 Dungeon Crawl Stone Soup version 0.26.0-41-g79a4fc7684 (webtiles) character file.

Game seed: 1735509468175586661

364 rel the Insei (level 6, -3/39 HPs)
             Began as an Octopode Transmuter on Jan 26, 2021.
             Slain by a gnoll
             ... wielding a +0 spear
              (8 damage)
             ... on level 4 of the Dungeon.
             The game lasted 00:23:09 (3339 turns).

rel the Insei (Octopode Transmuter)                 Turns: 3339, Time: 00:23:10

Health: -3/39      AC:  1    Str: 12    XL:     6   Next: 67%
Magic:  9/10       EV: 14    Int: 15    God:
Gold:   167        SH:  0    Dex: 12    Spells: 9/10 levels left

rFire    . . .     SeeInvis .   b - +2 dagger (holy)
rCold    . . .     Faith    .   (no shield)
rNeg     . . .     Spirit   .   (helmet currently unavailable)
rPois    .         Reflect  .   (no amulet)
rElec    .         Harm     .   (no ring)
rCorr    .         Rampage  .   (no ring)
Will     .....                  (no ring)
Stlth    +++.......             (no ring)
HPRegen  0.13/turn              (no ring)
MPRegen  0.12/turn              (no ring)
                                (no ring)
                                (no ring)

@: appendages (expiring)
A: almost no armour, stealthy swim, amphibious, 8 rings, constrict 8, tentacle
spike 3, camouflage 1, gelatinous body 1
a: End Transformation


You were on level 4 of the Dungeon.
One of your tentacles had a temporary spike.
You visited 1 branch of the dungeon, and saw 4 of its levels.

You collected 167 gold pieces.

Inventory:

Hand Weapons
 b - a +2 dagger of holy wrath (weapon)
 f - a +0 quarterstaff
Wands
 c - a wand of paralysis (15)
 k - a wand of acid (8)
Scrolls
 d - a scroll of noise {unknown}
 e - a scroll of blinking {unknown}
 g - a scroll of fear {unknown}
 h - a scroll of enchant weapon {unknown}
 i - a scroll of amnesia {unknown}
 j - 2 scrolls of identify


   Skills:
 + Level 2.1 Fighting
 + Level 2.7 Short Blades
 + Level 3.1 Dodging
 + Level 3.7 Stealth
 + Level 4.1 Unarmed Combat
 + Level 2.7 Spellcasting
 + Level 2.5 Transmutations
 + Level 0.1 Evocations


You had 9 spell levels left.
You knew the following spells:

 Your Spells              Type           Power        Failure   Level
a - Beastly Appendage     Tmut           18%          8%          1

Your spell library contained the following spells:

 Spells                   Type           Power        Failure   Level
 Wereblood                Tmut           9%           11%         2
 Spider Form              Tmut/Pois      2%           36%         3
 Ice Form                 Ice/Tmut       5%           77%         4
 Blade Hands              Tmut           4%           90%         5


Dungeon Overview and Level Annotations

Branches:
Dungeon (4/15)
 Temple: D:4-7

Altars:
Cheibriados


Innate Abilities, Weirdness & Mutations

You cannot wear most types of armour.
You are very stealthy in the water. (Stealth+)
You are amphibious.
You can wear up to eight rings at the same time.
You can use your tentacles to constrict eight enemies at once.
Your skin changes colour to match your surroundings (Stealth+).
Your rubbery body absorbs attacks. (AC +1, EV +1)
One of your tentacles bears a large vicious spike.


Message History

Okay, then.
You feel better.
The gnoll hits you from afar with a +0 spear.
The gnoll closely misses you.
The gnoll hits you from afar with a +0 spear.
Sorry, you're not good enough to have a special ability.
Casting: Beastly Appendage (safe; 8% risk of failure)
Press: ? - help, Q - select action, (/) - cycle Dir - look around, f - activate One of your tentacles grows a vicious spike.
The gnoll barely misses you.
Your magical contamination has completely faded away.
The gnoll barely misses you.
You hit the ball python.
You kill the ball python!
The gnoll barely misses you.
Your transformation is almost over.
The gnoll hits you with a +0 spear!
* * * LOW HITPOINT WARNING * * *
The gnoll hits you from afar with a +0 spear!
You die...

........###..##
............... ...
........####### #.#
........##### #.#
........#...# #.#
.......$#...# #.#
............#####.#
#.#.)#)........##.####.#
#.#..#........gg@......#
#..#.........##.######
......[...#####.#
.#.........# #.#
#.####...# #.# #. #####
#.# #.# #.#


You could see 2 gnolls.

Vanquished Creatures
  An ogre (D:4)
  A scorpion (D:4)
  An orc priest (D:3)
  Natasha (thrice) (D:3)
  A worker ant (D:4)
  2 gnolls (D:4)
  3 adders
  A dart slug (D:1)
  A leopard gecko (D:3)
  4 orcs (D:3)
  3 ball pythons
  6 bats (D:1)
  2 giant cockroaches
  6 goblins
  3 hobgoblins
  6 jackals (D:1)
  A quokka (D:2)
  2 frilled lizards
  4 kobolds (D:1)
  7 rats
58 creatures vanquished.

Notes
Turn   | Place    | Note
-------+----------+-------------------------------------------
     0 | D:1      | rel the Octopode Transmuter began the quest for the Orb.
     0 | D:1      | Reached XP level 1. HP: 13/13 MP: 3/3
   153 | D:1      | Reached XP level 2. HP: 12/18 MP: 3/5
   628 | D:1      | Found a snail-covered altar of Cheibriados.
   638 | D:1      | Reached XP level 3. HP: 13/23 MP: 4/6
  1355 | D:2      | Reached skill level 1 in Stealth
  1893 | D:3      | Found a faded altar of an unknown god.
  1918 | D:3      | Reached XP level 4. HP: 25/28 MP: 7/7
  2118 | D:3      | Noticed Natasha
  2127 | D:3      | Killed Natasha
  2137 | D:3      | Noticed Natasha
  2457 | D:3      | Killed Natasha
  2458 | D:3      | Reached skill level 1 in Short Blades
  2458 | D:3      | Reached skill level 4 in Unarmed Combat
  2458 | D:3      | Reached XP level 5. HP: 33/33 MP: 8/8
  2469 | D:3      | Noticed Natasha
  2479 | D:3      | Killed Natasha
  3072 | D:4      | Reached XP level 6. HP: 14/39 MP: 8/10
  3339 | D:4      | Slain by a gnoll

Illustrated notes

Levels and vault maps discovered:
D:1:      dpeg_arrival_arbitrary_b, layout_basic, cheibriados_altar_1
D:2:      layout_basic, st_stairs_8
D:3:      layout_loops_ring, chequers_ecumenical_altar_simple_redux,
          uniq_natasha
D:4:      layout_loops_ring, minmay_temple_entry_poolview,
          gammafunk_ghost_stat_death, uniq_pikel

Skill      XL: |  1  2  3  4  5  6 |
---------------+-------------------+-----
Stealth        | 1 3 |  3.7
Short Blades   | 1 2 |  2.7
Unarmed Combat | 4 |  4.1
Fighting       | 2 |  2.1
Dodging        | 3 |  3.1
Spellcasting   | |  2.7
Transmutations | |  2.5
Evocations     | |  0.1

Action                   |  1- 3 |  4- 6 || total
-------------------------+-------+-------++-------
Melee: Unarmed           |    51 |       ||    51
       Constrict         |    26 |    13 ||    39
       Tentacles         |     9 |     8 ||    17
       Kick              |     6 |     7 ||    13
       Dagger            |    25 |    55 ||    80
 Cast: Beastly Appendage |     5 |     5 ||    10
Evoke: Wand              |       |     3 ||     3
  Use: Scroll            |     5 |     1 ||     6
       Potion            |     3 |     1 ||     4
 Stab: Sleeping          |     2 |     3 ||     5
Armor: Skin              |     7 |     3 ||    10
Dodge: Dodged            |    63 |    41 ||   104
